 Dungeon Crawl Stone Soup version 0.24.1-14-gf8d2b509d9 (webtiles) character file.

Game seed: 13939754075960150, levelgen mode: deterministic

51 Hugehornet the Insei (level 3, -1/23 HPs)
             Began as an Octopode Transmuter on May 17, 2020.
             Slain by a worm (6 damage)
             ... on level 2 of the Dungeon.
             The game lasted 00:01:58 (1239 turns).

Hugehornet the Insei (Octopode Transmuter)          Turns: 1239, Time: 00:01:59

Health: -1/23      AC:  1    Str:  9    XL:     3   Next: 83%
Magic:  6/7        EV: 13    Int: 16    God:
Gold:   41         SH:  0    Dex: 12    Spells: 1/7 levels left

rFire    . . .     SeeInvis .     - Unarmed
rCold    . . .     Gourm    .   (no shield)
rNeg     . . .     Faith    .   (helmet restricted)
rPois    +         Spirit   .   (no amulet)
rElec    .         Reflect  .   f - ring of resist corrosion
rCorr    +         Harm     .   k - ring of poison resistance
MR       .....                  (no ring)
Stlth    ++........             (no ring)
HPRegen  0.07/turn              (no ring)
MPRegen  0.10/turn              (no ring)
                                (no ring)
                                (no ring)

@: appendage
A: almost no armour, stealthy swim, amphibious, 8 rings, constrict 8, tentacle
spike 3, camouflage 1, gelatinous body 1
a: End Transformation


You were on level 2 of the Dungeon.
You were not hungry.
One of your tentacles had a temporary spike.
You visited 1 branch of the dungeon, and saw 2 of its levels.

You collected 41 gold pieces.

Inventory:

Missiles
 a - 12 arrows
Jewellery
 f - a ring of resist corrosion (left tentacle)
 k - a ring of poison resistance (right tentacle)
Scrolls
 b - a scroll of enchant armour {unknown}
 e - 3 scrolls of identify {unknown}
 i - a scroll of fear {unknown}
 j - a scroll of immolation {unknown}
 l - a scroll of noise {unknown}
Potions
 d - 2 potions of agility {unknown}
 g - a potion of curing {unknown}
 h - a potion of ambrosia {unknown}
Comestibles
 c - 3 rations


   Skills:
 - Level 1.0 Fighting
 - Level 2.0 Dodging
 + Level 3.1 Unarmed Combat
 + Level 2.7 Spellcasting
 - Level 3.0 Transmutations
 * Level 1.3 Poison Magic


You had one spell level left.
You knew the following spells:

 Your Spells              Type           Power        Failure   Level  Hunger
a - Beastly Appendage     Tmut           ##....       5%          1    #......
b - Sticks to Snakes      Tmut           ##......     9%          2    ##.....
c - Spider Form           Tmut/Pois      #.........   24%         3    ###....

Your spell library contained the following spells:

 Spells                   Type           Power        Failure   Level  Hunger
 Ice Form                 Ice/Tmut       #.......     71%         4    #####..
 Blade Hands              Tmut           ##........   83%         5    ######.


Dungeon Overview and Level Annotations

Branches:
Dungeon (2/15)

Altars:


Innate Abilities, Weirdness & Mutations

You cannot wear most types of armour.
You are very stealthy in the water. (Stealth+)
You are amphibious.
You can wear up to eight rings at the same time.
You can use your tentacles to constrict eight enemies at once.
Your skin changes colour to match your surroundings (Stealth+).
Your rubbery body absorbs attacks. (AC +1, EV +1)
One of your tentacles bears a large vicious spike.


Message History

No target in view!
Your transformation is almost over.
Your tentacle spike disappears.
The worm is too close now for your liking.
The worm bites you!
Casting: Beastly Appendage (safe; 5% risk of failure)
Confirm with . or Enter, or press ? or * to list all spells.
One of your tentacles grows a vicious spike.
You barely miss the worm. You grab the worm. You tentacle-slap the worm.
You squeeze the worm.
The worm is moderately wounded.
You constrict the worm. The worm bites you!
* * * LOW HITPOINT WARNING * * *
You are too injured to fight recklessly!
You are too injured to fight recklessly!
You are too injured to fight recklessly!
You tentacle-slap the worm but do no damage.
The worm is moderately wounded.
You constrict the worm. The worm bites you.
You die...

#.#....#.#
#.#<..##.#####
#.#..###.....#
###......#####.#
#......#.#####.#
#........#........#
#.##.###....#######
#. ###.## # #@# #w#
#.# #.# ..# #.# ###


You could see a worm.

Vanquished Creatures
  A gnoll (D:1)
  5 dart slugs
  3 giant cockroaches
  3 goblins (D:1)
  7 hobgoblins (D:1)
  8 bats
  2 kobolds (D:1)
  3 rats
32 creatures vanquished.

Notes
Turn   | Place    | Note
-------+----------+-------------------------------------------
     0 | D:1      | Hugehornet the Octopode Transmuter began the quest for the
                  | Orb.
     0 | D:1      | Reached XP level 1. HP: 13/13 MP: 3/3
   120 | D:1      | Reached XP level 2. HP: 16/18 MP: 5/5
   567 | D:1      | Reached XP level 3. HP: 23/23 MP: 4/6
   643 | D:1      | Learned a level 2 spell: Sticks to Snakes
   647 | D:1      | Learned a level 3 spell: Spider Form
   838 | D:1      | Reached skill level 1 in Poison Magic
  1239 | D:2      | Slain by a worm

Levels and vault maps discovered:
D:1:      dpeg_arrival_rooms_a, layout_basic, serial_bayou_pond_b
D:2:      layout_basic, minmay_cut_off

Skill      XL: |  1  2  3 |
---------------+----------+-----
Transmutations | 3 |  3.0
Poison Magic   | 1 |  1.3
Fighting       | |  1.0
Dodging        | |  2.0
Unarmed Combat | |  3.1
Spellcasting   | |  2.7

Action                   || total
-------------------------++-------
Melee: Unarmed           ||    76
       Constrict         ||    26
       Tentacles         ||    15
       Kick              ||    10
       Punch             ||     1
 Cast: Beastly Appendage ||    24
       Spider Form       ||     1
 Stab: Sleeping          ||     6
  Eat: Chunk             ||     1
Armor: Skin              ||    15
Dodge: Dodged            ||    51
